 Dungeon Crawl Stone Soup version 0.25.1-2-g60ff931df9 (webtiles) character file.

Game seed: 6504940195311739846

282 DearestLeader the Grave Robber (level 6, -2/49 HPs)
             Began as a Deep Dwarf Necromancer on Sept 8, 2020.
             Killed by nerve-wracking pain
             ... invoked by Grinder
              (4 damage)
             ... while paralysed by Grinder
             ... on level 3 of the Dungeon.
             The game lasted 00:22:45 (4070 turns).

DearestLeader the Grave Robber (DDNe)               Turns: 4070, Time: 00:22:45

Health: -2/49      AC:  8    Str: 11    XL:     6   Next: 6%
Magic:  8/8        EV:  2    Int: 18    God:
Gold:   133        SH:  0    Dex: 13    Spells: 5/9 levels left

rFire    + . .     SeeInvis .   n - +0 flail
rCold    . . .     Gourm    .   (no shield)
rNeg     . . .     Faith    .   j - +0 leather armour
rPois    .         Spirit   .   r - +0 helmet
rElec    .         Reflect  .   a - +0 cloak
rCorr    .         Harm     .   (no gloves)
MR       .....                  t - +2 pair of boots
Stlth    ++........             b - amulet of the acrobat
HPRegen  0.00/turn              y - +4 ring of evasion
MPRegen  0.11/turn              m - ring of protection from fire

@: paralysed, non-regenerating, hasted
A: damage resistance, heal wounds, sense surroundings 1, no regeneration
a: Heal Wounds


You were on level 3 of the Dungeon.
You were not hungry.

You visited 1 branch of the dungeon, and saw 3 of its levels.

You collected 133 gold pieces.

Inventory:

Hand Weapons
 i - a +0 spear
 l - a +0 rapier
 n - a +0 flail (weapon)
Missiles
 s - 4 boomerangs (quivered)
Armour
 a - a +0 cloak (worn)
 f - a +0 ring mail
 j - a +0 leather armour (worn)
 r - a +0 helmet (worn)
 t - a +2 pair of boots (worn)
Magical Staves
 x - an uncursed staff of earth {unknown}
Jewellery
 b - an amulet of the acrobat (around neck)
 m - a ring of protection from fire (right hand)
 y - a +4 ring of evasion (left hand)
Wands
 v - a wand of digging (4)
Scrolls
 g - a scroll of fog {unknown}
 o - a scroll of teleportation
 p - a scroll of amnesia {unknown}
 q - 2 scrolls of enchant armour {unknown}
Potions
 d - 2 potions of curing
 h - a potion of cancellation {unknown}
 u - 2 potions of brilliance
 w - a potion of stabbing {unknown}
Comestibles
 c - 4 rations
 z - a chunk of flesh


   Skills:
 + Level 1.3 Maces & Flails
 + Level 1.9 Armour
 + Level 4.4 Dodging
 - Level 2.4 Stealth
 - Level 2.4 Spellcasting
 + Level 5.9 Necromancy


You had 5 spell levels left.
You knew the following spells:

 Your Spells              Type           Power        Failure   Level  Hunger
a - Pain                  Necr           ###.         1%          1    #......
b - Vampiric Draining     Necr           ###.......   6%          3    ###....

Your spell library contained the following spells:

 Spells                   Type           Power        Failure   Level  Hunger
 Animate Skeleton         Necr           N/A          1%          1    #......
 Animate Dead             Necr           N/A          21%         4    #####..
 Agony                    Necr           ###.....     50%         5    ######.


Dungeon Overview and Level Annotations

Branches:
Dungeon (3/15)

Altars:
Gozag

Annotations:
D:3 Grinder


Innate Abilities, Weirdness & Mutations

You are resistant to damage.
You can heal yourself by infusing magical energy.
You passively map a small area around you.
You do not regenerate.


Message History

Grinder hits you.
* * * LOW HITPOINT WARNING * * *
You hit Grinder.
Grinder is moderately wounded.
Grinder says, "Don't move a muscle."
Grinder gestures at you.
You suddenly lose the ability to move!
Grinder hits you.
* * * LOW HITPOINT WARNING * * *
You writhe in agony.
* * * LOW HITPOINT WARNING * * *
Grinder gestures at you. You resist with some effort.
Grinder says, "Mostly I couldn't keep them alive."
Grinder hits you.
You writhe in agony.
* * * LOW HITPOINT WARNING * * *
Grinder hits you but does no damage. Grinder gestures at you.
Pain shoots through your body!
You die...

***
#######.......)..)
, ,,
..............####
#####..#####.# # *
,* , * #..# #.# #
, , ######..#
#.#### #..(....#
#..... * #.####.##
#.#### * , *#.#
#.# #.# ##
#.#####@####.#
#.###.
#.....5......#
#.##..
#.#####.######
#..... * * #.#
####.. , #.# ##.
,* #.# #. , , #.#
####. * ..# #....
### #.###


You could see Grinder.

Vanquished Creatures
  A scorpion (D:1)
  A bullfrog skeleton (D:3)
  An orc priest (D:2)
  A worker ant (D:3)
  A hound zombie (D:2)
  4 adders (D:2)
  An ooze (D:2)
  5 worms
  A dart slug (D:3)
  3 leopard geckos
  7 orcs
  2 giant cockroaches (D:1)
  8 goblins
  3 hobgoblins (D:1)
  9 jackals
  4 kobolds
  2 quokkas
  2 ball pythons
  7 bats
  3 frilled lizards (D:1)
  10 rats
76 creatures vanquished.

Notes
Turn   | Place    | Note
-------+----------+-------------------------------------------
     0 | D:1      | DearestLeader the Deep Dwarf Necromancer began the quest
                  | for the Orb.
     0 | D:1      | Reached XP level 1. HP: 15/15 MP: 3/3
   238 | D:1      | Reached XP level 2. HP: 11/22 MP: 1/4
  1500 | D:1      | Reached XP level 3. HP: 13/28 MP: 1/5
  1832 | D:2      | Reached skill level 5 in Necromancy
  1895 | D:2      | Noticed a scorpion
  1985 | D:1      | Killed a scorpion
  1985 | D:1      | Reached XP level 4. HP: 30/36 MP: 0/6
  1991 | D:1      | Learned a level 3 spell: Vampiric Draining
  2379 | D:2      | Reached XP level 5. HP: 10/42 MP: 0/7
  2754 | D:2      | Reached skill level 1 in Armour
  3380 | D:3      | Reached skill level 1 in Maces & Flails
  3781 | D:3      | Found an opulent altar of Gozag.
  3897 | D:3      | Reached XP level 6. HP: 20/49 MP: 8/8
  4049 | D:3      | Noticed Grinder
  4056 | D:3      | Paralysed by Grinder for 6 turns
  4065 | D:3      | Paralysed by Grinder for 7 turns
  4068 | D:3      | HP: 2/49 [Grinder (4)]
  4070 | D:3      | Killed from afar by Grinder

Illustrated notes

Levels and vault maps discovered:
D:1:      dpeg_arrival_snail, layout_rooms, minmay_stone_trees_large
D:2:      layout_rooms, minmay_circle_x
D:3:      layout_loops_ring, grunt_gozag_statues, uniq_grinder

Skill      XL: |  1  2  3  4  5 |
---------------+----------------+-----
Dodging        | 3 4 |  4.4
Spellcasting   | 2 |  2.4
Necromancy     | 5 |  5.9
Armour         | 1 |  1.9
Maces & Flails | 1 |  1.3
Stealth        | |  2.4

Action                   |  1- 3 |  4- 6 || total
-------------------------+-------+-------++-------
Melee: Unarmed           |    14 |       ||    14
       Club              |    24 |     7 ||    31
       Rapier            |       |    14 ||    14
       Spear             |       |     1 ||     1
       Flail             |       |    76 ||    76
 Cast: Pain              |    58 |    57 ||   115
       Vampiric Draining |       |    20 ||    20
 Abil: Heal Wounds       |     1 |       ||     1
  Use: Scroll            |     5 |     2 ||     7
       Potion            |       |     2 ||     2
  Eat: Chunk             |     4 |    10 ||    14
Armor: Robe              |    23 |       ||    23
       Leather armour    |       |    28 ||    28
Dodge: Dodged            |    77 |   102 ||   179
